 Dungeon Crawl Stone Soup version 0.30.1-9-gdf580d7c3d (webtiles) character file.

Game seed: 12815390818096927358

2520 MacCMillion the Frost Mage (level 9, -5/66 HPs)
             Began as a Gnoll Ice Elementalist on Oct 11, 2023.
             Was a Believer of Cheibriados.
             Slain by a death yak (21 damage)
             ... on level 8 of the Dungeon.
             The game lasted 00:18:39 (8843 turns).

MacCMillion the Frost Mage (Gnoll Ice Elementalist) Turns: 8843, Time: 00:18:39

Health: -5/66      AC: 12    Str: 13    XL:     9   Next: 54%
Magic:  9/19       EV: 20    Int: 24    God:    Cheibriados [**....]
Gold:   387        SH:  0    Dex: 17    Spells: 10/21 levels left

rFire   . . .        z - +5 club
rCold   . . .        (no shield)
rNeg    . . .        j - +0 leather armour
rPois   .            p - +0 helmet
rElec   .            (no cloak)
rCorr   .            k - +0 pair of gloves
SInv    .            (no boots)
Will    .....        A - amulet of the acrobat
Stlth   +++          l - +5 ring of evasion
HPRegen 0.31/turn    D - ring of wizardry
MPRegen 0.16/turn

%: acrobat, wizardry (x1)
@: ice-armoured, freezing walls, very slow
A: fangs 1, strong nose, distributed training
a: Renounce Religion, Bend Time


You were on level 8 of the Dungeon.
You worshipped Cheibriados.
Cheibriados was pleased with you.
You visited 1 branch of the dungeon, and saw 8 of its levels.
You also visited: Ossuary and Bailey.

You collected 387 gold pieces.

Inventory:

Hand Weapons
 e - a +0 dagger
 x - a +2 flail of protection
 z - a +5 club (weapon)
Missiles
 E - 3 atropa-tipped darts
Armour
 a - a +0 robe
 j - a +0 leather armour (worn)
 k - a +0 pair of gloves (worn)
 p - a +0 helmet (worn)
Jewellery
 c - a +6 ring of dexterity
 g - a ring of wizardry
 l - a +5 ring of evasion (left hand)
 m - a ring of poison resistance
 s - a ring of willpower
 A - an amulet of the acrobat (around neck)
 D - a ring of wizardry (right hand)
 L - a +6 ring of strength
Wands
 y - a wand of acid (8)
 C - a wand of roots (20)
 F - a wand of mindburst (18)
 K - a wand of flame (12)
Scrolls
 d - 2 scrolls of amnesia {unknown}
 h - 2 scrolls of noise {unknown}
 q - 2 scrolls of blinking {unknown}
 r - 2 scrolls of teleportation
 G - 2 scrolls of torment {unknown}
 H - 2 scrolls of vulnerability {unknown}
 I - a scroll of silence {unknown}
 J - 2 scrolls of fear {unknown}
 M - a scroll of poison {unknown}
 O - a scroll of identify
Potions
 b - a potion of magic
 f - 3 potions of curing
 i - a potion of degeneration {unknown}
 n - 4 potions of brilliance
 o - 3 potions of resistance {unknown}
 t - a potion of attraction {unknown}
 u - 3 potions of mutation
 v - 3 potions of heal wounds {unknown}
 w - 5 potions of flight
 B - a potion of haste {unknown}
 N - a potion of berserk rage {unknown}
 P - 3 potions of might {unknown}
 Q - a potion of cancellation {unknown}


   Skills:
 + Level 4.5 Fighting
 + Level 4.5 Short Blades
 + Level 4.5 Long Blades
 + Level 4.5 Axes
 + Level 4.5 Maces & Flails
 + Level 4.5 Polearms
 + Level 4.5 Staves
 + Level 4.5 Ranged Weapons
 + Level 4.5 Throwing
 + Level 4.5 Armour
 + Level 6.5 Dodging
 + Level 6.2 Stealth
 + Level 4.5 Shields
 + Level 4.5 Unarmed Combat
 + Level 6.8 Spellcasting
 + Level 3.7 Conjurations
 + Level 3.7 Hexes
 + Level 3.7 Summonings
 + Level 3.7 Necromancy
 + Level 3.7 Translocations
 + Level 3.7 Transmutations
 + Level 3.7 Fire Magic
 + Level 8.1 Ice Magic
 + Level 3.7 Air Magic
 + Level 3.7 Earth Magic
 + Level 3.7 Poison Magic
 + Level 5.0 Invocations
 + Level 4.5 Evocations


You had 10 spell levels left.
You knew the following spells:

 Your Spells              Type           Power      Damage    Failure   Level
a - Freeze                Ice            100%       1d10      1%          1
b - Frozen Ramparts       Ice            94%        1d15      1%          3
c - Ozocubu's Armour      Ice            47%        N/A       1%          3
d - Summon Ice Beast      Ice/Summ       36%        N/A       3%          4

Your spell library contained the following spells:

 Spells                   Type           Power      Damage    Failure   Level
 Slow                     Hex            100%       N/A       1%          1
 Confusing Touch          Hex            26%        N/A       2%          3
 Portal Projectile        Hex/Tloc       52%        N/A       2%          3
 Tukima's Dance           Hex            26%        N/A       2%          3
 Vampiric Draining        Necr           26%        2d7       2%          3
 Blade Hands              Tmut           13%        N/A       21%         5
 Irradiate                Conj/Tmut      13%        3d16      21%         5
 Dragon Form              Tmut           13%        N/A       99%         7


Dungeon Overview and Level Annotations

Branches:
Dungeon (8/15)             Temple (0/1) D:6         Ossuary (visited)
 Bailey (visited)
   Lair: D:8-11

Altars:
Cheibriados
Elyvilon
Uskayaw
Vehumet
Xom

Shops:
D:5 *

Annotations:
D:2 Sigmund
D:3 1 runed translucent door, cloudzero's ghost, amateur MiBe
D:6 exclusion: statue


Innate Abilities, Weirdness & Mutations

You have very sharp teeth.
Your uncanny sense of smell can sniff out nearby items.
Your experience applies equally to all skills.


Message History

Cheibriados thoroughly appreciates the change of pace.
No target in view!
Unknown command.
You start resting.
HP restored.
You start resting.
The frozen ramparts melt away.
You start resting.
Magic restored.
A death yak comes into view.
The death yak moves out of view.
A death yak comes into view.
There are monsters nearby!
The death yak bellows!
A death yak comes into view.
Things that are here:
a +0 dagger; a +0 scale mail; an orc corpse You see here a +0 hand axe.
Casting: Frozen Ramparts (safe; 1% risk of failure)
Confirm with . or Enter, or press ? or * to list all spells.
Casting: Frozen Ramparts (safe; 1% risk of failure)
Press: ? - help, Dir - look around, f - activate The walls around you are covered in ice.
The wall freezes the death yak.
The death yak barely misses you.
Casting: Frozen Ramparts (safe; 1% risk of failure)
Confirm with . or Enter, or press ? or * to list all spells.
A film of ice covers your body!
The wall freezes the death yak.
The death yak gores you!
Casting: Ozocubu's Armour (safe; 1% risk of failure)
Confirm with . or Enter, or press ? or * to list all spells.
A chill wind blows around you.
The wall freezes the death yak but does no damage.
The death yak gores you!!
You hit the death yak.
The death yak is lightly wounded.
The wall freezes the death yak!
The death yak gores you!!
* * * LOW HITPOINT WARNING * * *
The wall freezes the death yak but does no damage.
The death yak gores you!!
You die...

#...........................
###..##.#........#...#....)[
#..##.#........#...#..###'
#..##.#...................
#..##.#..........#.#..###+
#..##.#.#.................
#..##.#............o......
#........Y.........#..##..
#..##.#.#@###......#).##..
#.#.#Y# #......#..##..
###.#.#.###.#....#..##..
........................
###.#.#.###.#....#..###.
..................... ..
..........Y.#..... ##
###.#.#.###.# .
..................


You could see a death yak (ally target) and a friendly ice beast (summoned).

Vanquished Creatures
  Edmund (D:4)
  2 acid dragons (D:8)
  2 water moccasins (D:7)
  A black bear (D:4)
  An orc warrior (D:8)
  2 ogres
  A centaur (D:8)
  A phantom (D:5)
  Blork the orc (D:4)
  2 bullfrogs
  A scorpion (D:5)
  4 crimson imps (D:5)
  A centaur zombie (Ossuary)
  3 jellies
  4 hounds
  An orc priest (D:8)
  Jessica (D:3)
  Ijyb (D:4)
  7 orc wizards
  Natasha (thrice) (D:3)
  4 iguanas
  2 mummies (Ossuary)
  Robin (D:3)
  9 gnolls
  7 adders
  2 dart slugs
  18 orcs
  7 endoplasms
  3 giant cockroaches
  24 goblins
  8 hobgoblins
  8 jackals
  7 quokkas
  10 ball pythons
  8 bats
  A frilled lizard (D:1)
  6 hobgoblin zombies (Ossuary)
  8 kobolds
  5 rats
178 creatures vanquished.

Vanquished Creatures (collateral kills)
  A centaur zombie (Ossuary)
  3 mummies (Ossuary)
  A hobgoblin zombie (Ossuary)
5 creatures vanquished.

Grand Total: 183 creatures vanquished

Notes
Turn   | Place    | Note
-------+----------+-------------------------------------------
     0 | D:1      | MacCMillion the Gnoll Ice Elementalist began the quest for
                  | the Orb.
     0 | D:1      | Reached XP level 1. HP: 13/13 MP: 6/6
    60 | D:1      | Reached XP level 2. HP: 19/19 MP: 3/7
   488 | D:1      | Reached skill level 5 in Spellcasting
   488 | D:1      | Reached XP level 3. HP: 23/25 MP: 4/9
   553 | D:1      | Learned a level 3 spell: Frozen Ramparts
   557 | D:1      | Learned a level 3 spell: Ozocubu's Armour
  1047 | D:1      | Reached skill level 1 in Invocations
  1277 | D:2      | Reached skill level 1 in Fighting
  1277 | D:2      | Reached skill level 1 in Short Blades
  1277 | D:2      | Reached skill level 1 in Long Blades
  1277 | D:2      | Reached skill level 1 in Axes
  1277 | D:2      | Reached skill level 1 in Maces & Flails
  1277 | D:2      | Reached skill level 1 in Polearms
  1277 | D:2      | Reached skill level 1 in Staves
  1277 | D:2      | Reached skill level 1 in Ranged Weapons
  1277 | D:2      | Reached skill level 1 in Throwing
  1277 | D:2      | Reached skill level 1 in Armour
  1277 | D:2      | Reached skill level 1 in Shields
  1277 | D:2      | Reached skill level 1 in Unarmed Combat
  1277 | D:2      | Reached skill level 1 in Evocations
  1325 | D:2      | Noticed Sigmund
  1361 | D:2      | Reached XP level 4. HP: 32/32 MP: 6/11
  1465 | D:2      | Found a faded altar of an unknown god.
  1636 | D:2      | Reached skill level 1 in Conjurations
  1636 | D:2      | Reached skill level 1 in Hexes
  1636 | D:2      | Reached skill level 1 in Summonings
  1636 | D:2      | Reached skill level 1 in Necromancy
  1636 | D:2      | Reached skill level 1 in Translocations
  1636 | D:2      | Reached skill level 1 in Transmutations
  1636 | D:2      | Reached skill level 1 in Fire Magic
  1636 | D:2      | Reached skill level 1 in Air Magic
  1636 | D:2      | Reached skill level 1 in Earth Magic
  1636 | D:2      | Reached skill level 1 in Poison Magic
  1809 | D:2      | Reached XP level 5. HP: 37/37 MP: 6/12
  2315 | D:3      | Noticed Jessica
  2342 | D:3      | Killed Jessica
  2504 | D:3      | Noticed Natasha
  2513 | D:3      | Killed Natasha
  2581 | D:3      | Noticed Natasha
  2586 | D:3      | Killed Natasha
  2711 | D:3      | Noticed Robin
  2730 | D:3      | Killed Robin
  2731 | D:3      | Reached XP level 6. HP: 44/44 MP: 6/13
  2859 | D:3      | Noticed Natasha
  2865 | D:3      | Killed Natasha
  2866 | D:3      | Reached skill level 5 in Dodging
  3215 | D:3      | Found a runed translucent door.
  3218 | D:3      | Noticed cloudzero's ghost (amateur MiBe)
  3617 | D:3      | Found a hide-covered altar of Uskayaw.
  4018 | D:4      | Noticed a black bear
  4024 | D:4      | Killed a black bear
  4107 | D:4      | Reached XP level 7. HP: 51/51 MP: 15/15
  4136 | D:4      | Noticed Edmund
  4145 | D:4      | Killed Edmund
  4345 | D:4      | Reached skill level 5 in Stealth
  4436 | D:4      | Found a snail-covered altar of Cheibriados.
  4439 | D:4      | Became a worshipper of Cheibriados the Contemplative
  4579 | D:4      | Noticed Ijyb
  4584 | D:4      | Killed Ijyb
  4860 | D:4      | Noticed Blork the orc
  4869 | D:4      | Killed Blork the orc
  5543 | D:5      | Entered Level 5 of the Dungeon
  5559 | D:5      | Reached XP level 8. HP: 58/58 MP: 12/16
  5825 | D:5      | Found Asacsylap's Gadget Gallery.
  5935 | D:5      | Reached * piety under Cheibriados
  6133 | D:5      | Found a shimmering altar of Xom.
  6167 | D:5      | Paralysed by a crimson imp for 5 turns
  6553 | D:6      | Found a staircase to the Ecumenical Temple.
  6834 | D:6      | Found a radiant altar of Vehumet.
  7089 | D:7      | Reached XP level 9. HP: 65/65 MP: 11/18
  7244 | D:7      | Found a flagged portal.
  7253 | Bailey   | Entered a bailey
  7260 | Bailey   | Learned a level 4 spell: Summon Ice Beast
  7381 | D:7      | Found a white marble altar of Elyvilon.
  7601 | D:7      | Reached ** piety under Cheibriados
  7771 | D:7      | Reached skill level 8 in Ice Magic
  8064 | D:8      | Found a sand-covered staircase.
  8070 | Ossuary  | Entered an ossuary
  8494 | D:8      | Noticed a death yak
  8495 | D:8      | Noticed a death yak
  8670 | D:8      | Reached skill level 5 in Invocations
  8829 | D:8      | Noticed a death yak
  8830 | D:8      | Noticed a death yak
  8831 | D:8      | Noticed a death yak
  8843 | D:8      | Slain by a death yak

Illustrated notes

Levels and vault maps discovered:
D:1:      mrwooster_arrival_statue, layout_basic, serial_bayou_lagoon_a
D:2:      layout_rooms, shapermc_ecumenical_altar_rom_forum, minmay_misc_feat_x,
          uniq_sigmund
D:3:      layout_basic, nicolae_uskayaw_dance_hall, ebering_ghost_sewer_d,
          hangedman_decor_points, uniq_jessica, uniq_robin, uniq_natasha
D:4:      layout_basic, kennysheep_slug_shrine, grunt_decor_junction,
          hangedman_minor_gate_pass, uniq_ijyb, uniq_blork_the_orc, uniq_edmund
D:5:      layout_rooms, led_xom_imps, nicolae_shop_gadgets
D:6:      layout_rooms, vehumet_statue, minmay_temple_entry_ruins
D:7:      layout_loops_cross, mainiacjoe_overflow_alcove_1, enter_bailey_2,
          nicolae_figureground_sparkle
D:8:      layout_basic, dpeg_lair_monsters, serial_shops,
          nicolae_shop_tiny_glass, nicolae_ossuary_entry_plus

Skill      XL: |  1  2  3  4  5  6  7  8  9 |
---------------+----------------------------+-----
Spellcasting   | 5 6 |  6.8
Invocations    | 1 2 3 4 5 |  5.0
Fighting       | 1 2 3 4 |  4.5
Short Blades   | 1 2 3 4 |  4.5
Long Blades    | 1 2 3 4 |  4.5
Axes           | 1 2 3 4 |  4.5
Maces & Flails | 1 2 3 4 |  4.5
Polearms       | 1 2 3 4 |  4.5
Staves         | 1 2 3 4 |  4.5
Ranged Weapons | 1 2 3 4 |  4.5
Throwing       | 1 2 3 4 |  4.5
Armour         | 1 2 3 4 |  4.5
Shields        | 1 2 3 4 |  4.5
Unarmed Combat | 1 2 3 4 |  4.5
Evocations     | 1 2 3 4 |  4.5
Conjurations   | 1 2 3 |  3.7
Hexes          | 1 2 3 |  3.7
Summonings     | 1 2 3 |  3.7
Necromancy     | 1 2 3 |  3.7
Translocations | 1 2 3 |  3.7
Transmutations | 1 2 3 |  3.7
Fire Magic     | 1 2 3 |  3.7
Air Magic      | 1 2 3 |  3.7
Earth Magic    | 1 2 3 |  3.7
Poison Magic   | 1 2 3 |  3.7
Dodging        | 5 6 |  6.5
Stealth        | 5 6 |  6.2
Ice Magic      | 8 |  8.1

Action                     |  1- 3 |  4- 6 |  7- 9 || total
---------------------------+-------+-------+-------++-------
  Melee: Dagger            |    13 |    24 |     9 ||    46
         Bite              |     1 |     1 |    16 ||    18
         Unarmed           |     1 |       |       ||     1
         Club              |       |       |   137 ||   137
  Throw: Dart              |       |       |     2 ||     2
   Cast: Freeze            |    44 |    45 |    13 ||   102
         Frozen Ramparts   |       |    21 |    47 ||    68
         Ozocubu's Armour  |       |     4 |    21 ||    25
         Summon Ice Beast  |       |       |     7 ||     7
    Use: Scroll            |       |       |     5 ||     5
   Stab: Sleeping          |     5 |     5 |     5 ||    15
         Distracted        |       |       |     2 ||     2
 Armour: Robe              |     5 |       |       ||     5
         Leather armour    |     2 |    13 |    47 ||    62
  Dodge: Dodged            |    33 |    41 |   196 ||   270
